IL
LOUISVILLE BATS @ SACRAMENTO RIVER CATS
08/29/2047
 
TOP OF THE 1ST
Louisville Bats batting - Pitching for Sacramento River Cats : RHP John Delaney
Pitching: RHP John Delaney
Batting: SHB Bryan Johnston 0-0: Bunted foul
0-1: Fly out, F7 (Flyball, 78M, EV 93.1 MPH)
Batting: RHB Chase Briney 0-0: Ground out 6-3 (Groundball, 6, EV 101.9 MPH)
Batting: LHB Randy Racine 0-0: Ball
1-0: Swinging Strike
1-1: Swinging Strike
1-2: Strikes out swinging
Top of the 1st over - 0 runs, 0 hits, 0 errors, 0 left on base; Louisville 0 - Sacramento 0
BOTTOM OF THE 1ST
Sacramento River Cats batting - Pitching for Louisville Bats : RHP Roberto Cortez
Pitching: RHP Roberto Cortez
Batting: RHB Laroya Foronda 0-0: Swinging Strike
0-1: Foul Ball, location: 2F
0-2: Ball
1-2: Foul Ball, location: 2F
1-2: Foul Ball, location: 2F
1-2: Ball
2-2: Foul Ball, location: 2F
2-2: Ball
3-2: Strikes out looking
Batting: LHB J.P. Olson 0-0: Swinging Strike
0-1: Ball
1-1: Swinging Strike
1-2: Strikes out swinging
Batting: RHB Nate Hodson 0-0: Called Strike
0-1: Foul Ball, location: 2F
0-2: Foul Ball, location: 2F
0-2: Ball
1-2: Ball
2-2: SINGLE (Line Drive, 6MD, EV 98.8 MPH)
Batting: RHB Chris King 0-0: Foul Ball, location: 2F
0-1: Ball
1-1: Foul Ball, location: 2F
1-2: Strikes out swinging
Bottom of the 1st over - 0 runs, 1 hit, 0 errors, 1 left on base; Louisville 0 - Sacramento 0
TOP OF THE 2ND
Louisville Bats batting - Pitching for Sacramento River Cats : RHP John Delaney
Batting: RHB Juan Reyes 0-0: Ball
1-0: Foul Ball, location: 2F
1-1: Foul Ball, location: 2F
1-2: Ground out 2-3 (Groundball, 15S, EV 68.8 MPH)
Batting: RHB Won-jun Park 0-0: Ball
1-0: Foul Ball, location: 2F
1-1: Ball
2-1: Swinging Strike
2-2: Ball
3-2: Base on Balls
Batting: LHB Satoru Handa 0-0: Called Strike
0-1: Called Strike
0-2: Fielders Choice at 2nd, 5-4 (Groundball, 56, EV 77.5 MPH)
Batting: RHB Colin Lord 0-0: Called Strike
0-1: Ball
Satoru Handa steals 2nd base
1-1: Ground out 4-3 (Groundball, 4, EV 93.8 MPH)
Top of the 2nd over - 0 runs, 0 hits, 0 errors, 1 left on base; Louisville 0 - Sacramento 0
BOTTOM OF THE 2ND
Sacramento River Cats batting - Pitching for Louisville Bats : RHP Roberto Cortez
Batting: RHB Bill Defazio 0-0: Ball
1-0: Foul Ball, location: 2F
1-1: DOUBLE (Groundball, 5L, EV 98.1 MPH)
Batting: LHB Terry Ebersole 0-0: Fly out, F8 (Line Drive, 89M, EV 91.9 MPH)
Batting: RHB Martin Guerrero 0-0: Ball
1-0: Fly out, F9 (Flyball, 89M, EV 94.4 MPH)
Runner from 2nd tags up, SAFE at 3rd with throw by RF
Batting: RHB Jack Toole 0-0: Called Strike
0-1: Fly out, F7 (Line Drive, 78M, EV 91.2 MPH)
Bottom of the 2nd over - 0 runs, 1 hit, 0 errors, 1 left on base; Louisville 0 - Sacramento 0
TOP OF THE 3RD
Louisville Bats batting - Pitching for Sacramento River Cats : RHP John Delaney
Batting: RHB Ryan Short 0-0: Ball
1-0: Ground out 5-3 (Groundball, 56S, EV 69.4 MPH)
Batting: RHB Dave Ruiz 0-0: Called Strike
0-1: Fly out, F9 (Flyball, 89D, EV 90.6 MPH)
Batting: SHB Bryan Johnston 0-0: Called Strike
0-1: Swinging Strike
0-2: SINGLE (Groundball, P, EV 81.9 MPH) (infield hit)
Batting: RHB Chase Briney 0-0: Ball
1-0: Called Strike
Bryan Johnston steals 2nd base
1-1: Ball
2-1: Fly out, F9 (Line Drive, 9LS, EV 93.1 MPH)
Top of the 3rd over - 0 runs, 1 hit, 0 errors, 1 left on base; Louisville 0 - Sacramento 0
BOTTOM OF THE 3RD
Sacramento River Cats batting - Pitching for Louisville Bats : RHP Roberto Cortez
Batting: RHB Matt Fenimore 0-0: Ball
1-0: Swinging Strike
1-1: Called Strike
1-2: Foul Ball, location: 2F
1-2: Strikes out swinging, 2-3 out at first.
Batting: RHB Laroya Foronda 0-0: Fly out, F8 (Flyball, 89D, EV 82.5 MPH)
Batting: LHB J.P. Olson 0-0: Called Strike
0-1: Foul Ball, location: 2F
0-2: Strikes out looking
Bottom of the 3rd over - 0 runs, 0 hits, 0 errors, 0 left on base; Louisville 0 - Sacramento 0
TOP OF THE 4TH
Louisville Bats batting - Pitching for Sacramento River Cats : RHP John Delaney
Batting: LHB Randy Racine 0-0: Ball
1-0: Called Strike
1-1: Swinging Strike
1-2: Strikes out swinging
Batting: RHB Juan Reyes 0-0: Called Strike
0-1: Ball
1-1: Foul Ball, location: 2F
1-2: Ball
2-2: Foul Ball, location: 2F
2-2: Ball
3-2: Base on Balls
Batting: RHB Won-jun Park 0-0: Ball
1-0: Ball
2-0: Called Strike
2-1: Foul Ball, location: 2F
2-2: Ball
3-2: Base on Balls
Juan Reyes to second
Batting: LHB Satoru Handa 0-0: Ball
1-0: Called Strike
1-1: Ball
2-1: Fly out, F6 (Line Drive, 6, EV 71.2 MPH)
Batting: RHB Colin Lord 0-0: Ball
1-0: Fielders Choice at 2nd, 5-4 (Groundball, 56, EV 103.1 MPH)
Top of the 4th over - 0 runs, 0 hits, 0 errors, 2 left on base; Louisville 0 - Sacramento 0
BOTTOM OF THE 4TH
Sacramento River Cats batting - Pitching for Louisville Bats : RHP Roberto Cortez
Batting: RHB Nate Hodson 0-0: Ball
1-0: SINGLE (Line Drive, 6D, EV 95.6 MPH)
Batting: RHB Chris King 0-0: Called Strike
0-1: Called Strike
Nate Hodson steals 2nd base
0-2: Ball
1-2: Fly out, F8 (Flyball, 8RD, EV 98.8 MPH)
Batting: RHB Bill Defazio 0-0: Ball
1-0: Foul Ball, location: 2F
1-1: Foul Ball, location: 2F
1-2: Ball
2-2: Strikes out looking
Batting: LHB Terry Ebersole 0-0: Ball
1-0: Foul Ball, location: 2F
1-1: Swinging Strike
1-2: Ball
2-2: Foul Ball, location: 2F
2-2: Ground out 4-3 (Groundball, 4, EV 86.2 MPH)
Bottom of the 4th over - 0 runs, 1 hit, 0 errors, 1 left on base; Louisville 0 - Sacramento 0
TOP OF THE 5TH
Louisville Bats batting - Pitching for Sacramento River Cats : RHP John Delaney
Batting: RHB Ryan Short 0-0: Ball
1-0: Called Strike
1-1: Foul Ball, location: 2F
1-2: Fly out, F8 (Flyball, 8RD, EV 93.1 MPH)
Batting: RHB Dave Ruiz 0-0: Ball
1-0: Ground out 1-3 (Groundball, P, EV 69.4 MPH)
Batting: SHB Bryan Johnston 0-0: Ground out 4-3 (Groundball, 4, EV 97.5 MPH)
Top of the 5th over - 0 runs, 0 hits, 0 errors, 0 left on base; Louisville 0 - Sacramento 0
BOTTOM OF THE 5TH
Sacramento River Cats batting - Pitching for Louisville Bats : RHP Roberto Cortez
Batting: RHB Martin Guerrero 0-0: Called Strike
0-1: Foul Ball, location: 2F
0-2: Ball
1-2: Foul Ball, location: 2F
1-2: Foul Ball, location: 2F
1-2: Foul Ball, location: 2F
1-2: Ground out 5-3 (Groundball, 15, EV 77.5 MPH)
Batting: RHB Jack Toole 0-0: Ball
1-0: Ground out U3 (Groundball, 23, EV 80.0 MPH)
Batting: RHB Matt Fenimore 0-0: Fly out, F9 (Flyball, 9LMF, EV 85.6 MPH)
Bottom of the 5th over - 0 runs, 0 hits, 0 errors, 0 left on base; Louisville 0 - Sacramento 0
TOP OF THE 6TH
Louisville Bats batting - Pitching for Sacramento River Cats : RHP John Delaney
Batting: RHB Chase Briney 0-0: Called Strike
0-1: Ball
1-1: Ball
2-1: Called Strike
2-2: DOUBLE (Flyball, 89D, EV 98.8 MPH)
Batting: LHB Randy Racine 0-0: Ball
1-0: Ball
2-0: Ball
3-0: Called Strike
3-1: Called Strike
3-2: Base on Balls
Batting: RHB Juan Reyes 0-0: Reached on error, E5 (Groundball, 5, EV 80.6 MPH)
Chase Briney to third
Randy Racine to second
Batting: RHB Won-jun Park 0-0: Ball
1-0: Called Strike
1-1: Fly out, F9 (Line Drive, 89M, EV 84.4 MPH)
Batting: LHB Satoru Handa 0-0: DOUBLE (Groundball, 3L, EV 101.2 MPH)
Chase Briney scores
Randy Racine scores
Juan Reyes to third
Batting: RHB Colin Lord 0-0: Foul Ball, location: 2F
0-1: Called Strike
0-2: Ball
1-2: Strikes out looking
Batting: RHB Ryan Short 0-0: Foul Ball, location: 2F
0-1: Ground out 5-3 (Groundball, 5, EV 99.4 MPH)
Top of the 6th over - 2 runs, 2 hits, 1 error, 2 left on base; Louisville 2 - Sacramento 0
BOTTOM OF THE 6TH
Sacramento River Cats batting - Pitching for Louisville Bats : RHP Roberto Cortez
Batting: RHB Laroya Foronda 0-0: Ground out 5-3 (Groundball, 5S, EV 68.8 MPH)
Batting: LHB J.P. Olson 0-0: Ball
1-0: Ball
2-0: Ball
3-0: Base on Balls
Batting: RHB Nate Hodson 0-0: Called Strike
Pickoff Throw to First - Error! E1
J.P. Olson to second
0-1: Ball
1-1: Ball
2-1: Ball
3-1: Base on Balls
Batting: RHB Chris King 0-0: Ball
1-0: Foul Ball, location: 2F
1-1: Called Strike
1-2: Ball
2-2: Ball
3-2: Foul Ball, location: 2F
3-2: Base on Balls
J.P. Olson to third
Nate Hodson to second
Batting: RHB Bill Defazio 0-0: Ball
1-0: Called Strike
1-1: Ball
2-1: Fly out, F8 (Flyball, 8LXD, EV 79.4 MPH)
Runner from 3rd tags up, SCORES, no throw by CF
Nate Hodson to third
Pitching: RHP Dave Hammertime
Batting: LHB Terry Ebersole 0-0: SINGLE (Groundball, 6, EV 105.6 MPH)
Nate Hodson scores
Chris King to second
Pinch Hitting: LHB Ryan Braden 0-0: Ball
1-0: Foul Ball, location: 2F
1-1: Ground out 1-3 (Groundball, P, EV 71.9 MPH)
Bottom of the 6th over - 2 runs, 1 hit, 1 error, 2 left on base; Louisville 2 - Sacramento 2
TOP OF THE 7TH
Louisville Bats batting - Pitching for Sacramento River Cats : RHP John Delaney
Now in LF: Ryan Braden
Now in CF: J.P. Olson
Batting: RHB Dave Ruiz 0-0: Called Strike
0-1: Ball
1-1: Swinging Strike
1-2: Ball
2-2: Ball
3-2: Strikes out swinging
Batting: SHB Bryan Johnston 0-0: Fly out, F7 (Flyball, 7, EV 85.0 MPH)
Batting: RHB Chase Briney 0-0: Swinging Strike
0-1: Called Strike
0-2: Ball
1-2: Ball
2-2: Strikes out swinging
Top of the 7th over - 0 runs, 0 hits, 0 errors, 0 left on base; Louisville 2 - Sacramento 2
BOTTOM OF THE 7TH
Sacramento River Cats batting - Pitching for Louisville Bats : RHP Dave Hammertime
Batting: RHB Jack Toole 0-0: Ball
1-0: Ball
2-0: Ball
3-0: Base on Balls
Batting: RHB Matt Fenimore 0-0: Called Strike
0-1: Ball
1-1: Ball
2-1: Ball
3-1: Grounds into double play, 6-4-3 (Groundball, 6, EV 91.2 MPH)
Batting: RHB Laroya Foronda 0-0: Called Strike
0-1: TRIPLE (Flyball, 89XD, EV 96.9 MPH)
Batting: LHB J.P. Olson 0-0: Called Strike
0-1: Ball
1-1: Called Strike
1-2: Ball
2-2: 2-RUN HOME RUN (Flyball, 9LD, EV 90.6 MPH), Distance : 340 ft
Batting: RHB Nate Hodson 0-0: SINGLE (Line Drive, 78S, EV 98.1 MPH)
Batting: RHB Chris King 0-0: Ball
1-0: Called Strike
1-1: Foul Ball, location: 2F
1-2: Strikes out swinging
Bottom of the 7th over - 2 runs, 3 hits, 0 errors, 1 left on base; Louisville 2 - Sacramento 4
TOP OF THE 8TH
Louisville Bats batting - Pitching for Sacramento River Cats : RHP John Delaney
Batting: LHB Randy Racine 0-0: Ball
1-0: Called Strike
1-1: Ground out 4-3 (Groundball, 4, EV 105.6 MPH)
Pitching: RHP Israel Alvarado
Batting: RHB Juan Reyes 0-0: SINGLE (Line Drive, 4M, EV 97.5 MPH)
Batting: RHB Won-jun Park 0-0: Ball
1-0: Foul Ball, location: 2F
1-1: Foul Ball, location: 2F
1-2: Foul Ball, location: 2F
1-2: Foul Ball, location: 2F
1-2: Fly out, F9 (Flyball, 9LD, EV 94.4 MPH)
Batting: LHB Satoru Handa 0-0: Ball
1-0: Called Strike
1-1: SINGLE (Line Drive, 8RS, EV 99.4 MPH)
Juan Reyes to second
Pinch Hitting: SHB Greg Prime 0-0: Ball
1-0: Ball
Wild Pitch!
Juan Reyes to third
Satoru Handa to second
2-0: Ball
3-0: Called Strike
3-1: Ground out U3 (Groundball, 3, EV 90.6 MPH)
Top of the 8th over - 0 runs, 2 hits, 0 errors, 2 left on base; Louisville 2 - Sacramento 4
BOTTOM OF THE 8TH
Sacramento River Cats batting - Pitching for Louisville Bats : RHP Dave Hammertime
Now at 2B: Greg Prime
Batting: RHB Bill Defazio 0-0: Ball
1-0: Ground out 4-3 (Groundball, 4, EV 86.2 MPH)
Batting: LHB Terry Ebersole 0-0: Called Strike
0-1: Foul Ball, location: 2F
0-2: Ball
1-2: Foul Ball, location: 2F
1-2: Foul Ball, location: 2F
1-2: Ground out U3 (Groundball, 3, EV 90.6 MPH)
Batting: LHB Ryan Braden 0-0: Ball
1-0: Swinging Strike
1-1: Ball
2-1: Ground out 5-3 (Groundball, 6S, EV 75.6 MPH)
Bottom of the 8th over - 0 runs, 0 hits, 0 errors, 0 left on base; Louisville 2 - Sacramento 4
TOP OF THE 9TH
Louisville Bats batting - Pitching for Sacramento River Cats : RHP Israel Alvarado
Pitching: LHP Chris Moris
Now in LF: Hugo Zacarias
Batting: RHB Ryan Short 0-0: Ground out 5-3 (Groundball, 56S, EV 91.9 MPH)
Batting: RHB Dave Ruiz 0-0: Ball
1-0: Ball
2-0: Ball
3-0: Base on Balls
Batting: SHB Bryan Johnston 0-0: Ball
1-0: Called Strike
1-1: Swinging Strike
1-2: Foul Ball, location: 2F
1-2: Strikes out swinging
Batting: RHB Chase Briney 0-0: Called Strike
0-1: Foul Ball, location: 2F
0-2: Strikes out swinging
Top of the 9th over - 0 runs, 0 hits, 0 errors, 1 left on base; Louisville 2 - Sacramento 4
Thursday, December 15th , 2022 - OOTP Baseball 23.9 Build 102